 Dungeon Crawl Stone Soup version 0.27-a0-1217-g8a41f320e8 (webtiles) character file.

Game seed: 17061429933908560217

220 Zonian the Conjurer (level 6, -5/43 HPs)
             Began as a Human Conjurer on June 6, 2021.
             Was a Follower of the Shining One.
             Slain by Duvessa
             ... wielding a +0 short sword
              (13 damage)
             ... on level 4 of the Dungeon.
             The game lasted 00:07:02 (5205 turns).

Zonian the Conjurer (Human Conjurer)                Turns: 5205, Time: 00:07:02

Health: -5/43      AC:  2    Str:  7    XL:     6   Next: 18%
Magic:  7/10       EV: 16    Int: 21    God:    the Shining One [*.....]
Gold:   32         SH:  0    Dex: 11    Spells: 8/11 levels left

rFire    + . .     SeeInvis .   b - +0 dagger
rCold    + . .     Faith    .   (no shield)
rNeg     . . .     Spirit   .   u - +0 robe {rC+ rF+}
rPois    .         Reflect  .   (no helmet)
rElec    .         Harm     .   (no cloak)
rCorr    .         Rampage  .   (no gloves)
Will     .....                  (no boots)
Stlth    +.........             (no amulet)
HPRegen  0.14/turn              g - ring of flight
MPRegen  0.12/turn              n - +4 ring of evasion

@: flying, glowing
A: no striking features
a: Renounce Religion


You were on level 4 of the Dungeon.
You worshipped the Shining One.
The Shining One was aware of your devotion.
You visited 1 branch of the dungeon, and saw 4 of its levels.

You collected 82 gold pieces.
You spent 50 gold pieces at shops.

Inventory:

Hand Weapons
 b - a +0 dagger (weapon)
 v - a +0 scimitar
Missiles
 z - 6 boomerangs
Armour
 a - a +0 robe
 u - a +0 robe of resistance (worn)
Jewellery
 g - a ring of flight (left hand)
 n - a +4 ring of evasion (right hand)
 y - an amulet of guardian spirit
Wands
 q - a wand of iceblast (11)
 t - a wand of flame (21)
Scrolls
 c - a scroll of blinking {unknown}
 h - a scroll of teleportation {unknown}
 i - a scroll of identify {unknown}
 k - a scroll of fear {unknown}
 m - a scroll of enchant armour {unknown}
 o - a scroll of enchant weapon {unknown}
 r - 2 scrolls of amnesia {unknown}
 w - 2 scrolls of vulnerability {unknown}
Potions
 d - a potion of magic
 e - 2 potions of flight {unknown}
 f - 2 potions of brilliance {unknown}
 j - 2 potions of curing {unknown}
 l - a potion of mutation {unknown}
 p - a potion of might {unknown}
 x - 2 potions of lignification {unknown}


   Skills:
 * Level 1.5 Fighting
 * Level 1.6 Short Blades
 + Level 2.5 Dodging
 + Level 2.5 Stealth
 + Level 3.0 Spellcasting
 + Level 5.0 Conjurations
 * Level 1.6 Invocations


You had 8 spell levels left.
You knew the following spells:

 Your Spells              Type           Power      Damage    Failure   Level
a - Magic Dart            Conj           96%        1d7       1%          1
b - Searing Ray           Conj           48%        3d5       2%          2

Your spell library contained the following spells:

 Spells                   Type           Power      Damage    Failure   Level
 Dazzling Flash           Conj/Hex       26%        N/A       14%         3
 Fulminant Prism          Conj/Hex       6%         3d7       43%         4
 Iskenderun's Mystic Bla  Conj/Tloc      13%        2d5       43%         4


Dungeon Overview and Level Annotations

Branches:
Dungeon (4/15)
 Temple: D:4-7

Altars:
Cheibriados
Hepliaklqana
Vehumet
Yredelemnul
The Shining One

Shops:
D:3 !   D:4 =

Annotations:
D:4 Dowan, Duvessa


Message History

Duvessa misses you.
Unknown command.
Casting: Searing Ray (safe; 2% risk of failure)
Confirm with . or Enter, or press ? or * to list all spells.
You don't have enough magic to cast this spell.
Unknown command.
Okay, then.
Okay, then.
You hit Duvessa but do no damage.
Duvessa is moderately wounded.
Duvessa hits you with a +0 short sword! Dowan hits you with a +0 dagger.
* * * LOW HITPOINT WARNING * * *
Unknown command.
You feel much better. Duvessa closely misses you. Dowan closely misses you.
Casting: Searing Ray (safe; 2% risk of failure)
Confirm with . or Enter, or press ? or * to list all spells.
Aiming: Magic Dart (safe; 1% risk of failure)
Press: ? - help, Shift-Dir - straight line, f/p - Duvessa
Aim: Duvessa, wielding a +0 short sword and wearing a +0 scale mail (moderately wounded, haloed, 100% to hit)
The magic dart hits Duvessa but does no damage.
Duvessa is moderately wounded.
Duvessa misses you. Dowan misses you.
It was a potion of magic.
Magic courses through your body. Duvessa says, "Did you see that move?
Perfect!"
Duvessa hits you with a +0 short sword! Dowan completely misses you.
Casting: Magic Dart (safe; 1% risk of failure)
Confirm with . or Enter, or press ? or * to list all spells.
Aiming: Searing Ray (safe; 2% risk of failure)
Press: ? - help, Shift-Dir - straight line, f/p - Duvessa
Aim: Duvessa, wielding a +0 short sword and wearing a +0 scale mail (moderately wounded, haloed, 89% to hit)
The searing ray misses Duvessa. (Press . to maintain the ray.) Duvessa hits you with a +0 short sword!
Dowan casts a spell at you. The puff of frost hits you. You resist.
* * * LOW HITPOINT WARNING * * *
The searing ray hits Duvessa!
Duvessa is severely wounded.
Duvessa hits you with a +0 short sword!
You die...

#.##.#.## #.#
#.##....######## #.#
#..............# #.#
####.......###.# #.#
.....#.###.###.#####.###
####.#.###.##...#......
#.#............##.#
#.#..##.####ee.#..#
#.#..##.# #..@....#
#.......# #..####<#
###..#### #.## #.#
#.####..# #.# #.#
........# #.# #.#
#.#####.# #.# #.# #.#
..# #.# #.# ### #.# #.#
#.#


You could see Duvessa and Dowan.

Vanquished Creatures
  Blork the orc (D:4)
  Ijyb (D:3)
  An iguana (D:3)
  3 adders
  A worm (D:2)
  2 dart slugs
  An orc (D:3)
  7 ball pythons
  7 bats
  5 endoplasms
  A giant cockroach (D:2)
  7 goblins
  A hobgoblin (D:2)
  8 jackals
  3 kobolds
  6 quokkas
  5 frilled lizards
  7 rats
67 creatures vanquished.

Notes
Turn   | Place    | Note
-------+----------+-------------------------------------------
     0 | D:1      | Zonian the Human Conjurer began the quest for the Orb.
     0 | D:1      | Reached XP level 1. HP: 13/13 MP: 3/3
   495 | D:1      | Reached XP level 2. HP: 19/19 MP: 0/5
   651 | D:1      | Learned a level 2 spell: Searing Ray
  1328 | D:1      | Found a faded altar of an unknown god.
  1331 | D:1      | Became a worshipper of the Shining One
  1331 | D:1      | Reached * piety under the Shining One
  1446 | D:1      | Reached XP level 3. HP: 24/24 MP: 4/6
  3091 | D:2      | Reached XP level 4. HP: 31/31 MP: 3/7
  3802 | D:3      | Noticed Ijyb
  3968 | D:3      | Killed Ijyb
  3969 | D:3      | Reached skill level 1 in Fighting
  3969 | D:3      | Reached skill level 1 in Short Blades
  3969 | D:3      | Reached skill level 1 in Invocations
  3969 | D:3      | Reached XP level 5. HP: 33/37 MP: 2/8
  4360 | D:3      | Found Rysoq's Distillery.
  4368 | D:3      | Bought a potion of heal wounds for 50 gold pieces
  4634 | D:4      | Found Aleoti Loqu's Jewellery Emporium.
  4732 | D:4      | Noticed Blork the orc
  4737 | D:4      | Killed Blork the orc
  4738 | D:4      | Reached skill level 5 in Conjurations
  4738 | D:4      | Reached XP level 6. HP: 43/43 MP: 2/10
  5031 | D:4      | Found a snail-covered altar of Cheibriados.
  5032 | D:4      | Found a radiant altar of Vehumet.
  5032 | D:4      | Found a hazy altar of Hepliaklqana.
  5047 | D:4      | Found a basalt altar of Yredelemnul.
  5174 | D:4      | Noticed Duvessa
  5174 | D:4      | Noticed Dowan
  5205 | D:4      | Slain by Duvessa

Illustrated notes

Levels and vault maps discovered:
D:1:      giann_wishing_wells, layout_basic,
          hellmonk_ecumenical_altar_inner_sanctum, minmay_tetromino_o2
D:2:      layout_loops_cross, minmay_misc_feat_tower, grunt_ministairs_15
D:3:      layout_basic, serial_shops, shop, grunt_decor_arrowhead, uniq_ijyb
D:4:      layout_loops_ring, kennysheep_mini_moat,
          nicolae_overflow_quartered_altars, serial_shops, nicolae_shop_stone,
          uniq_duvessa, uniq_blork_the_orc

Skill      XL: |  1  2  3  4  5 |
---------------+----------------+-----
Fighting       | 1 |  1.5
Short Blades   | 1 |  1.6
Invocations    | 1 |  1.6
Spellcasting   | 3 |  3.0
Conjurations   | 5 |  5.0
Dodging        | |  2.5
Stealth        | |  2.5

Action                   |  1- 3 |  4- 6 || total
-------------------------+-------+-------++-------
Melee: Dagger            |    38 |    38 ||    76
 Cast: Magic Dart        |    74 |    58 ||   132
       Searing Ray       |     1 |     6 ||     7
Evoke: Wand              |       |     2 ||     2
  Use: Potion            |       |     2 ||     2
Armor: Robe              |    19 |     1 ||    20
Dodge: Dodged            |    43 |    58 ||   101

Table legend: (Time is in decaauts)
 A = Elapsed time spent in this place.
 B = Non-inter-level travel time spent in this place.
 C = Inter-level travel time spent in this place.
 D = Time resting spent in this place.
 E = Time spent auto-exploring this place.
 F = Levels seen in this place.
 G = Mean time per level.
                   A        B        C        D        E       F      G
               +--------+--------+--------+--------+--------+-----+--------+
         Total |   5202 |   5160 |     42 |   2087 |   2601 |   4 | 1300.5 |
       Dungeon |   5202 |   5160 |     42 |   2087 |   2601 |   4 | 1300.5 |
               +--------+--------+--------+--------+--------+-----+--------+

Top non-repeatable levels by time:
     D:1: 2355 daAuts
     D:2: 1153 daAuts
     D:3: 1123 daAuts
     D:4: 570 daAuts
